 Dungeon Crawl Stone Soup version 0.28-a0-751-gef3a642a4e (webtiles) character file.

Game seed: 5410575531715213377

28 willcat the Sneak (level 2, 0/18 HPs)
             Began as a Deep Elf Delver on Oct 30, 2021.
             Slain by a centaur zombie (1 damage)
             ... on level 5 of the Dungeon.
             The game lasted 00:00:27 (278 turns).

willcat the Sneak (Deep Elf Delver)                  Turns: 278, Time: 00:00:28

Health: 0/18       AC:  3    Str:  9    XL:     2   Next: 96%
Magic:  4/4        EV: 12    Int: 14    God:
Gold:   0          SH:  0    Dex: 16    Spells: 1/1 levels left

rFire   . . .      SeeInvis .   a - +0 short sword
rCold   . . .      Faith    .   (no shield)
rNeg    . . .      Spirit   .   b - +0 leather armour
rPois   .          Reflect  .   (no helmet)
rElec   .          Harm     .   (no cloak)
rCorr   .          Rampage  .   (no gloves)
Will    .....                   (no boots)
Stlth   +++.......              (no amulet)
HPRegen 0.06/turn               (no ring)
MPRegen 0.09/turn               (no ring)

@: no status effects
A: no striking features
a: no special abilities


You were on level 5 of the Dungeon.
You visited 1 branch of the dungeon, and saw 1 of its levels.

Inventory:

Hand Weapons
 a - a +0 short sword (weapon)
Armour
 b - a +0 leather armour (worn)
Wands
 g - a wand of digging (3)
Scrolls
 c - a scroll of fog
 d - a scroll of magic mapping
 e - a scroll of fear
 h - a scroll of amnesia {unknown}
Potions
 f - a potion of haste


   Skills:
 - Level 2.4 Fighting
 + Level 2.5 Short Blades
 + Level 3.1 Dodging
 + Level 6.4 Stealth


You had one spell level left.
You didn't know any spells.
Your spell library was empty.

Dungeon Overview and Level Annotations

Branches:
Dungeon (5/15)
 Temple: D:4-7

Altars:
Xom

Annotations:
D:5 3 runed translucent doors, flotson's ghost, weakling DsDe


Message History

The centaur zombie hits you. The centaur zombie kicks you.
You hit the centaur zombie.
The centaur zombie is heavily damaged.
The centaur zombie barely misses you.
The centaur zombie kicks you but does no damage.
The centaur zombie barely misses you. The centaur zombie kicks you.
You hit the centaur zombie.
The centaur zombie is heavily damaged.
The centaur zombie closely misses you. The centaur zombie barely misses you.
You hit the centaur zombie.
The centaur zombie is severely damaged.
The centaur zombie closely misses you. x2
You hit the centaur zombie.
The centaur zombie is severely damaged.
The centaur zombie closely misses you. The centaur zombie kicks you.
You hit the centaur zombie but do no damage.
The centaur zombie is severely damaged.
The centaur zombie barely misses you. The centaur zombie kicks you.
The centaur zombie closely misses you. The centaur zombie misses you.
You hit the centaur zombie.
The centaur zombie is severely damaged.
The centaur zombie hits you but does no damage.
The centaur zombie closely misses you.
You hit the centaur zombie.
The centaur zombie is almost destroyed.
The centaur zombie hits you.
* * * LOW HITPOINT WARNING * * *
The centaur zombie kicks you but does no damage.
Unknown command.
You hit the centaur zombie.
The centaur zombie is almost destroyed.
The centaur zombie barely misses you.
The centaur zombie kicks you but does no damage.
The centaur zombie hits you.
* * * LOW HITPOINT WARNING * * *
The centaur zombie kicks you but does no damage.
You barely miss the centaur zombie.
The centaur zombie is almost destroyed.
The centaur zombie hits you.
You die...

# ###### ## ... .... ...
##..###.##############....
..........................
..J#.^##..##########........
.. #........@Z.......... ...
##.##########.≈≈≈≈≈.≈≈ .#.
#.......# #.≈.....≈. ..
#.......# #.§.§≈≈≈≈.
##.####.......# ..≈§≈..o≈.
.........###### .§≈§≈.≈.≈.
#..####.# #.§§§≈_≈.≈. ##.##
#.# #. ≈§§≈≈.≈ #..# #.#


You could see a centaur zombie.

Vanquished Creatures
  A centaur skeleton (D:5)
1 creature vanquished.

Notes
Turn   | Place    | Note
-------+----------+-------------------------------------------
     0 | D:5      | willcat the Deep Elf Delver began the quest for the Orb.
     0 | D:5      | Reached XP level 1. HP: 13/13 MP: 3/3
    15 | D:5      | Noticed a jelly
    36 | D:5      | Found a runed translucent gate.
    36 | D:5      | Found a runed translucent gate.
    37 | D:5      | Found a runed translucent gate.
    39 | D:5      | Noticed flotson's ghost (weakling DsDe)
    88 | D:5      | Reached XP level 2. HP: 7/18 MP: 4/4
   262 | D:5      | Found a shimmering altar of Xom.
   278 | D:5      | Slain by a centaur zombie

Illustrated notes

Levels and vault maps discovered:
D:5:      layout_basic, nzn_overflow_gifts_of_might_and_magic,
          mainiacjoe_overflow_catwalk_spiral, gammafunk_ghost_necromancy

Skill      XL: |  1 |
---------------+----+-----
Dodging        | 3 |  3.1
Fighting       | |  2.4
Short Blades   | |  2.5
Stealth        | |  6.4

Action                   || total
-------------------------++-------
Melee: Short sword       ||    23
 Stab: Distracted        ||     1
Armor: Leather armour    ||    13
Dodge: Dodged            ||    34

Table legend: (Time is in decaauts)
 A = Elapsed time spent in this place.
 B = Non-inter-level travel time spent in this place.
 C = Inter-level travel time spent in this place.
 D = Time resting spent in this place.
 E = Time spent auto-exploring this place.
 F = Levels seen in this place.
 G = Mean time per level.
                   A        B        C        D        E       F      G
               +--------+--------+--------+--------+--------+-----+--------+
         Total |    277 |    277 |      0 |    170 |     16 |   1 |  277.0 |
       Dungeon |    277 |    277 |      0 |    170 |     16 |   1 |  277.0 |
               +--------+--------+--------+--------+--------+-----+--------+

Top non-repeatable levels by time:
     D:5: 277 daAuts
